 Dungeon Crawl Stone Soup version 0.31.0-12-g77e489cdc1 (webtiles) character file.

Game seed: 7806610419843906191

9 RancidPinata the Sneak (level 2, -2/21 HPs)
             Began as an Octopode Delver on Feb 29, 2024.
             Slain by a sleepcap (4 damage)
             ... on level 5 of the Dungeon.
             The game lasted 00:01:10 (261 turns).

RancidPinata the Sneak (Octopode Delver)             Turns: 261, Time: 00:01:11

Health: -2/21      AC:  1    Str: 11    XL:     2   Next: 16%
Magic:  2/2        EV: 13    Int: 12    God:
Gold:   0          SH:  0    Dex: 13    Spells: 1/1 levels left

rFire   . . .        a - +0 short sword
rCold   . . .        (no shield)
rNeg    . . .        (helmet restricted)
rPois   .            (no amulet)
rElec   .            (no ring)
rCorr   .            (no ring)
SInv    .            (no ring)
Will    .....        (no ring)
Stlth   ++++         (no ring)
HPRegen 0.23/turn    (no ring)
MPRegen 0.08/turn    (no ring)
                     (no ring)

%: no passive effects
@: no status effects
A: almost no armour, amphibious, 8 rings, camouflage 1, gelatinous body 1,
(nimble swimmer 1), tentacles
a: no special abilities


You were on level 5 of the Dungeon.
You visited 1 branch of the dungeon, and saw 2 of its levels.

Inventory:

Hand Weapons
 a - a +0 short sword (weapon)
Wands
 f - a wand of digging (3)
Scrolls
 b - a scroll of fog
 c - 2 scrolls of revelation
 d - a scroll of fear
Potions
 e - a potion of haste


   Skills:
 * Level 3.2 Fighting
 + Level 2.1 Short Blades
 * Level 2.3 Dodging
 + Level 6.7 Stealth


You had one spell level left.
You didn't know any spells.
Your spell library was empty.

Dungeon Overview and Level Annotations

Branches:
Dungeon (6/15)
 Temple: D:4-7

Altars:


Innate Abilities, Weirdness & Mutations

You cannot wear most types of armour.
You are amphibious.
You can wear up to eight rings at the same time.
Your skin changes colour to match your surroundings (Stealth+).
Your rubbery body absorbs attacks. (AC +1, EV +1)
((You are camouflaged when in or above water. (Stealth+)))
You have tentacles for arms and can constrict up to eight enemies at once.


Message History

You hit the gnoll but do no damage. Your grab misses the gnoll.
You squeeze the gnoll.
You kill the gnoll!
The gnoll bouda barks out a call to the hunt!
The gnoll picks up the pace!
You have reached level 2!
A gnoll comes into view. It is wielding a +0 flail.
The gnoll bouda gazes fiercely through you!
You feel your attacks grow feeble.
Your attacks no longer feel as feeble.
You see here a +0 whip.
There is an open door here.
There is a stone staircase leading up here.
You climb upwards.
There is a stone staircase leading down here.
You start resting.
HP restored.
An orc comes into view. It is wielding a +0 mace.
You see here a +0 long sword.
A sleepcap comes into view.
You see here a +0 long sword.
A quokka comes into view.
Found a chain mail.
Found a ring mail.
Found 6 gold pieces.
You start waiting.
A sleepcap is nearby!
The sleepcap releases spores at you!
You are engulfed in a cloud of soporific spores!
You fall asleep.
The sleepcap completely misses you. The sleepcap releases spores at you!
You wake up.
Ouch! That really hurt!
* * * LOW HITPOINT WARNING * * *
You are engulfed in a cloud of soporific spores!
You are unaffected.
You hit the sleepcap but do no damage. You grab the sleepcap.
You constrict the sleepcap, but do no damage.
The sleepcap releases spores at you.
You die...

..
#....#..#
.##
##.#....#
#.
#..#....# #
#.##..#.# #
#. #.[..#
.#. #.##.#
#.##[ #.#
#....##f#
##..@.#
#..##[#
#$.... ...
###########


You could see a sleepcap.

Vanquished Creatures
  A gnoll (D:6)
1 creature vanquished.

Notes
Turn   | Place    | Note
-------+----------+-------------------------------------------
     0 | D:5      | RancidPinata the Octopode Delver began the quest for the
                  | Orb.
     0 | D:5      | Reached XP level 1. HP: 16/16 MP: 1/1
   123 | D:6      | Noticed a water moccasin
   172 | D:6      | Noticed a gnoll bouda
   179 | D:6      | Reached XP level 2. HP: 9/21 MP: 2/2
   261 | D:5      | Slain by a sleepcap

Illustrated notes

Levels and vault maps discovered:
D:5:      layout_basic, serial_shops, nicolae_shop_mannequins,
          ebering_ghost_rock_garden, serial_aquarium,
          aquarium_bridge_long_separate [aquarium_subvault_window,
          aquarium_subvault_bridge, aquarium_subvault_balcony,
          aquarium_subvault_bridge, aquarium_subvault_wall,
          aquarium_subvault_bridge], aquarium_window_corridor_2,
          aquarium_window_fake, aquarium_window_1, aquarium_view_2d,
          aquarium_view_2b, aquarium_balcony_3a, aquarium_pool_1
D:6:      layout_basic, grunt_temple_overflow_open,
          minmay_fractal_squares_gapless_5, uniq_crazy_yiuf_cottage, uniq_maggie

Action                     || total
---------------------------++-------
  Melee: Short sword       ||     4
         Tentacles         ||     2
         Constrict         ||     2
 Armour: Skin              ||     5
  Dodge: Dodged            ||     2
